 Dungeon Crawl Stone Soup version 0.21.0-24-g2553a33 (webtiles) character file.

401 sankara the Chiller (level 6, -5/47 HPs)
             Began as a Draconian Ice Elementalist on Jan 20, 2018.
             Slain by Menkaure (15 damage)
             ... on level 4 of the Dungeon.
             The game lasted 00:22:28 (3808 turns).

sankara the Chiller (Draconian Ice Elementalist)    Turns: 3808, Time: 00:22:29

Health: -5/47      AC:  6    Str: 11    XL:     6   Next: 54%
Magic:  5/11       EV: 13    Int: 20    God:
Gold:   149        SH:  0    Dex: 11    Spells: 4/12 levels left

rFire    . . .     SeeInvis .   o - +2 dagger (venom)
rCold    . . .     Gourm    +   (no shield)
rNeg     . . .     Faith    .   (armour unavailable)
rPois    .         Spirit   .   (helmet restricted)
rElec    .         Reflect  .   (no cloak)
rCorr    .         Harm     .   (no gloves)
MR       .....                  (no boots)
Stlth    ++........             i - amulet of the gourmand
HPRegen  0.15/turn              r - +3 ring of intelligence
MPRegen  0.12/turn              (no ring)

@: no status effects
A: unfitting armour, cold-blooded, AC +6
a: no special abilities


You were on level 4 of the Dungeon.
You were completely stuffed.

You visited 1 branch of the dungeon, and saw 4 of its levels.

You collected 149 gold pieces.

Inventory:

Hand Weapons
 o - a +2 dagger of venom (weapon)
Missiles
 m - 41 stones (quivered)
Jewellery
 i - an amulet of the gourmand (around neck)
 r - a +3 ring of intelligence (left hand)
Scrolls
 e - 2 scrolls of enchant weapon
 f - 2 scrolls of amnesia {unknown}
 h - 3 scrolls of magic mapping {unknown}
 j - 5 scrolls of identify
 k - 2 scrolls of noise {unknown}
 p - 2 scrolls of remove curse {unknown}
Potions
 c - 2 potions of curing {unknown}
 d - 2 potions of agility {unknown}
 g - 3 potions of heal wounds {unknown}
 l - a potion of lignification {unknown}
Books
 a - a book of Frost

   Spells                             Type                      Level
   a - Freeze                         Ice                          1
   b - Throw Frost                    Conjuration/Ice              2
   c - Ozocubu's Armour               Charms/Ice                   3
   d - Throw Icicle                   Conjuration/Ice              4
   e - Summon Ice Beast               Ice/Summoning                4
 q - a book of Misfortune

   Spells                             Type                      Level
   a - Confusing Touch                Hexes                        1
   b - Confuse                        Hexes                        3
   c - Gell's Gravitas                Translocation                3
   d - Petrify                        Transmutation/Earth          4
   e - Metabolic Englaciation         Hexes/Ice                    5
   f - Yara's Violent Unravelling     Hexes/Transmutation          5
Comestibles
 b - 6 rations
 n - a chunk of flesh


   Skills:
 + Level 1.6 Fighting
 - Level 3.1 Dodging
 - Level 1.7 Stealth
 + Level 3.5 Spellcasting
 + Level 1.0 Conjurations
 + Level 0.1 Charms
 * Level 5.6 Ice Magic


You had 4 spell levels left.
You knew the following spells:

 Your Spells              Type           Power        Failure   Level  Hunger
a - Freeze                Ice            ####         1%          1    None
b - Ozocubu's Armour      Chrm/Ice       ###.....     12%         3    ###....
c - Throw Icicle          Conj/Ice       ###.....     32%         4    ####...


Dungeon Overview and Level Annotations

Branches:
Dungeon (4/15)
 Temple: D:4-7

Altars:
Kikubaaqudgha
Ru
Trog
Wu Jian

Annotations:
D:3 Monsterracer's ghost, amateur DEGl
D:4 Menkaure


Innate Abilities, Weirdness & Mutations

Your plain brown scales are hard. (AC +6)
You cannot fit into any form of body armour.
You are cold-blooded and may be slowed by cold attacks.


Message History

Robin is severely wounded.
The goblin hits you with a club. The goblin hits you but does no damage.
Robin hits you with a dagger.
* * * LOW HITPOINT WARNING * * *
The hobgoblin closely misses you.
Casting: Freeze
Confirm with . or Enter, or press ? or * to list all spells.
Aiming: Freeze
Press: ? - help, Shift-Dir - straight line, f/p - Robin
Aim: Robin, wielding a dagger, wearing an animal skin and wearing a warped helmet (severely wounded)
You freeze Robin.
You kill Robin!
The goblin hits you with a club.
* * * LOW HITPOINT WARNING * * *
The goblin hits you but does no damage. The hobgoblin hits you with a club.
* * * LOW HITPOINT WARNING * * *
Menkaure misses you. The goblin misses you.
The goblin hits you but does no damage. Menkaure hits you!
You die...

### .. #.#
####.. ######
##.....#g....##
#.....)@).....#
......ggM......
...............
.............$.
.............?.
...........>...
%..............
#.............#


You could see Menkaure, a hobgoblin and 2 goblins.

Vanquished Creatures
  2 vampire bats (D:2)
  3 orc priests (D:3)
  2 orc wizards (D:3)
  Robin (D:4)
  6 adders (D:2)
  4 worms
  A dart slug (D:1)
  A leopard gecko (D:2)
  13 orcs
  4 bat skeletons (D:2)
  2 bat zombies (D:2)
  4 giant cockroaches
  15 goblins
  6 hobgoblins
  3 jackals (D:2)
  5 kobolds
  A quokka (D:2)
  A ball python (D:2)
  5 bats
  A frilled lizard (D:1)
  11 rats
91 creatures vanquished.

Notes
Turn   | Place    | Note
-------+----------+-------------------------------------------
     0 | D:1      | sankara the Draconian Ice Elementalist began the quest for the Orb.
     0 | D:1      | Reached XP level 1. HP: 14/14 MP: 3/3
   530 | D:1      | Reached XP level 2. HP: 17/20 MP: 3/5
   971 | D:2      | Found a sacrificial altar of Ru.
  1021 | D:2      | Reached XP level 3. HP: 26/26 MP: 1/6
  1248 | D:2      | Learned a level 3 spell: Ozocubu's Armour
  1404 | D:2      | Reached skill level 4 in Ice Magic
  1611 | D:2      | Reached XP level 4. HP: 18/33 MP: 1/7
  2508 | D:2      | Found an ancient bone altar of Kikubaaqudgha.
  2513 | D:2      | Reached XP level 5. HP: 35/38 MP: 0/9
  2711 | D:3      | Reached skill level 5 in Ice Magic
  2719 | D:2      | Learned a level 4 spell: Throw Icicle
  2990 | D:3      | Reached XP level 6. HP: 46/46 MP: 4/11
  3110 | D:3      | Found an ornate altar of the Wu Jian Council.
  3133 | D:3      | Reached skill level 1 in Fighting
  3366 | D:3      | Found a bloodstained altar of Trog.
  3368 | D:3      | Noticed Monsterracer's ghost (amateur DEGl)
  3678 | D:4      | Noticed Menkaure
  3678 | D:4      | Noticed Robin
  3807 | D:4      | Killed Robin
  3808 | D:4      | Slain by Menkaure

Skill      XL: |  1  2  3  4  5  6 |
---------------+-------------------+-----
Dodging        | 2 3 |  3.1
Ice Magic      | 4 5 |  5.6
Spellcasting   | 3 |  3.5
Fighting       | 1 |  1.6
Stealth        | |  1.7
Conjurations   | |  1.0
Charms         | |  0.1

Action                   |  1- 3 |  4- 6 || total
-------------------------+-------+-------++-------
Melee: Unarmed           |    27 |    29 ||    56
       Tailslap          |     2 |    10 ||    12
       Dagger            |       |    52 ||    52
Throw: Stone             |       |     4 ||     4
 Cast: Freeze            |    54 |   102 ||   156
       Ozocubu's Armour  |     1 |     5 ||     6
  Use: Scroll            |       |     2 ||     2
  Eat: Chunk             |     7 |    14 ||    21
Armor: Skin              |    16 |    81 ||    97
Dodge: Dodged            |    55 |   159 ||   214
